 Dungeon Crawl Stone Soup version 0.31-a0-233-g139696dc86 (webtiles) character file.

Game seed: 14497908782112700607

47 qw the Shooter (level 3, -4/21 HPs)
             Began as a Gargoyle Hexslinger on July 7, 2023.
             Frozen to death by an endoplasm (5 damage)
             ... on level 2 of the Dungeon.
             The game lasted 00:00:27 (990 turns).

qw the Shooter (Gargoyle Hexslinger)                 Turns: 990, Time: 00:00:28

Health: -4/21      AC:  8    Str: 11    XL:     3   Next: 70%
Magic:  4/4        EV: 10    Int: 13    God:
Gold:   52         SH:  0    Dex: 14    Spells: 3/4 levels left

rFire   . . .        Y - +1 sling
rCold   . . .        (no shield)
rNeg    + . .        d - +0 ring mail
rPois   inf          (no helmet)
rElec   +            (no cloak)
rCorr   .            (no gloves)
SInv    .            (no boots)
Will    +....        (no amulet)
Stlth   +            l - ring of willpower
HPRegen 0.23/turn    (no ring)
MPRegen 0.09/turn

%: no passive effects
@: about to teleport
A: sickness immunity, AC +3, negative energy resistance 1, electricity
resistance, torment resistance 1, petrification resistance
a: no special abilities


You were on level 2 of the Dungeon.
You visited 1 branch of the dungeon, and saw 2 of its levels.

You collected 52 gold pieces.


Innate Abilities, Weirdness & Mutations

You are immune to sickness and miasma.
Your stone body is resilient. (AC +3)
You are immune to poison.
You resist negative energy. (rN+)
You are resistant to electric shocks. (rElec)
You are resistant to unholy torment.
You are immune to petrification.


   Skills:
 - Level 2.0 Fighting
 + Level 3.5 Ranged Weapons
 - Level 1.5 Dodging
 - Level 1.0 Spellcasting
 - Level 2.6 Hexes


You had 3 spell levels left.
You knew the following spells:

 Your Spells              Type           Power      Damage    Failure   Level
a - Slow                  Hex            28%        N/A       22%         1

Your spell library contained the following spells:

 Spells                   Type           Power      Damage    Failure   Level
 Inner Flame              Hex/Fire       4%         N/A       75%         3
 Portal Projectile        Hex/Tloc       8%         N/A       75%         3
 Cause Fear               Hex            3%         N/A       92%         4

Inventory:

Hand Weapons
 Y - a +1 sling (weapon)
Armour
 d - a +0 ring mail (worn)
Jewellery
 b - a ring of protection from fire
 e - an amulet of the acrobat
 l - a ring of willpower (left hand)
Scrolls
 a - a scroll of identify
Potions
 c - a potion of brilliance {unknown}
 i - a potion of resistance {unknown}

Dungeon Overview and Level Annotations

Branches:
Dungeon (2/15)

Altars:

Annotations:
D:2 Jessica


Message History

The hobgoblin barely misses you. The endoplasm freezes you.
You are frozen.
The hobgoblin barely misses you.
You shoot a sling bullet.
The sling bullet closely misses the hobgoblin.
Jessica says, "I'm really upset."
Jessica hits you but does no damage. The endoplasm freezes you.
You are frozen.
The hobgoblin hits you but does no damage.
The goblin closely misses you.
You shoot a sling bullet.
The sling bullet closely misses the hobgoblin.
Jessica barely misses you.
Jessica hits you with a +0 dagger of draining.
The endoplasm hits you but does no damage.
The hobgoblin hits you. The goblin hits you with a +0 dagger.
You shoot a sling bullet.
The sling bullet closely misses the hobgoblin.
Jessica mumbles something strange.
Jessica hits you but does no damage. The hobgoblin barely misses you.
The endoplasm freezes you.
You are frozen.
The goblin hits you but does no damage. Jessica hits you but does no damage.
The endoplasm freezes you.
You are frozen.
The hobgoblin hits you but does no damage.
The goblin hits you but does no damage.
989 ||| READING scroll of teleportation.
As you read the scroll of teleportation, it crumbles to dust.
You feel strangely unstable. Jessica hits you but does no damage. x2
The hobgoblin hits you but does no damage.
The endoplasm hits you. The goblin barely misses you.
You shoot a sling bullet.
The sling bullet barely misses the hobgoblin.
Jessica hits you with a +0 dagger of draining.
The endoplasm freezes you.
You are frozen.
You die...

....... .
....... .?
.......
...#####.......
#
...............
#
...............
#
......gJ......$
#
......g@.......
.......@.......
...............
..........#####
........$.#
..........#
..........#
..........#


You could see Jessica (fast), an endoplasm, a hobgoblin and a goblin.

Vanquished Creatures
  An adder (D:1)
  2 dart slugs (D:1)
  2 endoplasms
  3 goblins
  A hobgoblin (D:1)
  11 jackals
  4 ball pythons (D:1)
  3 bats
  3 frilled lizards (D:1)
  A kobold (D:1)
31 creatures vanquished.

Notes
Turn   | Place    | Note
-------+----------+-------------------------------------------
     0 | D:1      | qw the Gargoyle Hexslinger began the quest for the Orb.
     0 | D:1      | Reached XP level 1. HP: 12/12 MP: 2/2
     0 | D:1      | 0 ||| qw: Version: 0.3-a-46-gb1f654a
     0 | D:1      | 0 ||| qw: Game counter: 3038
     0 | D:1      | 0 ||| qw: Melee chars always use a shield: true
     0 | D:1      | 0 ||| qw: God list: Okawaru
     0 | D:1      | 0 ||| qw: Allow faded altars: false
     0 | D:1      | 0 ||| qw: Do Orc after clearing Dungeon:15 true
     0 | D:1      | 0 ||| qw: Do second Lair branch before Depths: true
     0 | D:1      | 0 ||| qw: Lair rune preference: random
     0 | D:1      | 0 ||| qw: Goals: Normal
     0 | D:1      | 0 ||| PLANNING D:1-11
    51 | D:1      | Reached XP level 2. HP: 16/16 MP: 3/3
   239 | D:1      | Reached skill level 3 in Ranged Weapons
   587 | D:1      | Reached XP level 3. HP: 21/21 MP: 4/4
   704 | D:1      | 704 ||| UPGRADING to +0 ring mail.
   714 | D:1      | 714 ||| DROPPING +0 robe.
   715 | D:1      | 715 ||| DROPPING +6 ring of intelligence.
   716 | D:1      | 716 ||| UPGRADING to ring of willpower.
   717 | D:1      | 717 ||| READING scroll labelled RIRGHIN ZIFAM.
   718 | D:1      | 718 ||| READING scroll labelled DAFRUI ZINEVE.
   719 | D:1      | 719 ||| READING scroll labelled ESTICI MIJARUG.
   724 | D:1      | 724 ||| READING scroll labelled VISCHA WOTHRYSHRE.
   725 | D:1      | 725 ||| READING scroll labelled KIF HEFOTILLU.
   726 | D:1      | 726 ||| DROPPING scroll of poison.
   764 | D:2      | 764 ||| STAIRDANCE
   982 | D:2      | Noticed Jessica
   988 | D:2      | HP: 4/21 [frozen (2)]
   989 | D:2      | 989 ||| READING scroll of teleportation.
   989 | D:2      | HP: 1/21 [endoplasm (3)]
   990 | D:2      | Frozen to death by an endoplasm

Levels and vault maps discovered:
D:1:      nzn_arrival_water_spiral, layout_loops_ring,
          amcnicky_mini_corridor_feature,
          nicolae_concentric_dashed_squares_mild, roderic_roman_lattice
D:2:      layout_basic, uniq_jessica

Skill      XL: |  1  2 |
---------------+-------+-----
Ranged Weapons | 3 |  3.5
Fighting       | 2 |  2.0
Dodging        | |  1.5
Spellcasting   | |  1.0
Hexes          | |  2.6

Action                     || total
---------------------------++-------
   Fire: Sling             ||   105
    Use: Scroll            ||     6
 Armour: Robe              ||     9
         Ring mail         ||    27
  Dodge: Dodged            ||    44

Table legend:
 A = Non-vault XP
 B = Vault XP
 C = Vault XP percentage of total XP
 D = Non-vault monster count
 E = Vault monster count
 F = Vault count percentage of total count
                 A         B        C        D         E       F
            +---------+---------+-------+---------+---------+-------
      Total |      68 |       0 |   0.0 |      31 |       0 |   0.0
            +---------+---------+-------+---------+---------+-------
        D:1 |      49 |       0 |   0.0 |      21 |       0 |   0.0
        D:2 |      19 |       0 |   0.0 |      10 |       0 |   0.0
            +---------+---------+-------+---------+---------+-------
